 Dungeon Crawl Stone Soup version 0.18-a0-1774-gce1f7b6 (webtiles) character file.

49 Oddball22 the Charmwright (level 3, 0/30 HPs)
             Began as a Demigod Skald on Apr 16, 2016.
             Slain by a quokka (4 damage)
             ... on level 2 of the Dungeon.
             The game lasted 00:01:57 (1423 turns).

Oddball22 the Charmwright (Demigod Skald)           Turns: 1423, Time: 00:01:58

Health: 0/30       AC:  3    Str: 15    XL:     3   Next: 32%
Magic:  8/8        EV:  9    Int: 16    God:
Gold:   39         SH:  0    Dex: 17    Spells: 1 memorised, 5 levels left

rFire  . . .     SeeInvis .     a - +0 hand axe
rCold  . . .     Gourm    .     b - +0 leather armour
rNeg   . . .     Faith    .     (no shield)
rPois  .         Spirit   .     (no helmet)
rElec  .         Dismiss  .     (no cloak)
rCorr  .         Reflect  .     (no gloves)
SustAt +         Harm     .     (no boots)
MR     .....                    m - amulet of inaccuracy (curse)
Stlth  +.........               (no ring)
                                l - -3 ring of evasion (curse)

@: not resistant to hostile enchantments, very unstealthy
A: high mp 1, sustain attributes
a: no special abilities


You were on level 2 of the Dungeon.
You were not hungry.

You visited 1 branch of the dungeon, and saw 2 of its levels.

You collected 39 gold pieces.

Inventory:

Hand Weapons
 a - a +0 hand axe (weapon)
Armour
 b - a +0 leather armour (worn)
Jewellery
 l - a cursed -3 ring of evasion (left hand)
 m - a cursed amulet of inaccuracy (around neck)
Scrolls
 e - a scroll of identify {unknown}
 h - 3 scrolls of recharging {unknown}
 i - a scroll of remove curse {unknown}
 j - a scroll of amnesia {unknown}
 o - a scroll of teleportation {unknown}
Potions
 n - a potion of curing {unknown}
Books
 c - a book of Battle

   Spells                             Type                      Level
   a - Infusion                       Charms                       1
   b - Shroud of Golubria             Charms/Translocation         2
   c - Song of Slaying                Charms                       2
   d - Spectral Weapon                Hexes/Charms                 3
   e - Regeneration                   Charms/Necromancy            3
 p - a book of Alchemy

   Spells                             Type                      Level
   a - Sublimation of Blood           Necromancy                   2
   b - Ignite Poison                  Fire/Transmutation/Poison    3
   c - Petrify                        Transmutation/Earth          4
   d - Alistair's Intoxication        Transmutation/Poison         5
   e - Irradiate                      Conjuration/Transmutation    5
Comestibles
 d - a bread ration
 f - 2 meat rations
 g - a beef jerky
 k - 8 chunks of flesh


   Skills:
 + Level 2.4 Fighting
 - Level 1.7 Axes
 + Level 1.5 Armour
 + Level 1.8 Dodging
 + Level 2.1 Spellcasting
 - Level 2.6 Charms


You had 5 spell levels left.
You knew the following spells:

 Your Spells              Type           Power        Failure   Level  Hunger
a - Infusion              Chrm           ##..         10%         1    #......


Dungeon Overview and Level Annotations

Branches:
Dungeon (2/15)


Innate Abilities, Weirdness & Mutations

You have an increased reservoir of magic (+10% MP).
Your attributes are resistant to harm.


Message History

* * * LOW HITPOINT WARNING * * *
You closely miss the quokka.
The quokka bites you but does no damage. x2
You hit the quokka.
The quokka is moderately wounded.
The quokka bites you.
* * * LOW HITPOINT WARNING * * *
You barely miss the quokka.
The quokka is moderately wounded.
The quokka barely misses you.
You hit the quokka but do no damage.
The quokka is moderately wounded.
The quokka barely misses you. The quokka closely misses you.
You hit the quokka.
The quokka is severely wounded.
The quokka closely misses you.
You hit the quokka but do no damage.
The quokka is severely wounded.
The quokka bites you.
You die...

### ##_## ##...##
##.....##
#######...8...########
_...............@r.._#
##......8...8......###
###.............###
###....⌠...(###
###.............#
##......8...8....
_.......)........
#######)).8...###
##(....##..#


You could see a quokka.

Vanquished Creatures
  An adder (D:2)
  An ooze (D:1)
  A worm (D:2)
  2 dart slugs
  3 goblins
  3 hobgoblins
  4 jackals (D:2)
  2 kobolds
  2 ball pythons
  4 bats
  3 rats
26 creatures vanquished.

Notes
Turn   | Place    | Note
--------------------------------------------------------------
     0 | D:1      | Oddball22 the Demigod Skald began the quest for the Orb.
     0 | D:1      | Reached XP level 1. HP: 17/17 MP: 5/5
    20 | D:1      | Reached skill level 1 in Dodging
   155 | D:1      | Reached skill level 1 in Armour
   478 | D:1      | Reached XP level 2. HP: 24/24 MP: 7/7
  1088 | D:2      | Reached XP level 3. HP: 15/30 MP: 8/8
  1387 | D:2      | Found a blossoming altar of Fedhas.
  1394 | D:2      | Found a shattered altar of Ashenzari.
  1394 | D:2      | Found a white marble altar of Elyvilon.
  1407 | D:2      | Found a glowing silver altar of Zin.
  1423 | D:2      | Slain by a quokka

Vault maps used:
D:1:      wheals_arrival_shading, minmay_misc_feat_rugged
D:2:      minmay_overflow_temple_star_hex

Skill      XL: |  1  2 |
---------------+-------+-----
Dodging        | 1 |  1.8
Fighting       | 2 |  2.4
Armour         | 1 |  1.5
Spellcasting   | 2 |  2.1
Axes           | |  1.7
Charms         | |  2.6

Action                   || total
-------------------------++-------
Melee: Hand axe          ||   125
  Eat: Chunk             ||     2
Armor: Leather armour    ||    42
Dodge: Dodged            ||    86
